 Dungeon Crawl Stone Soup version 0.31.0-32-g396128a36d (webtiles) character file.

Game seed: 942110712833146843

655 imdaedric the Conjurer (level 7, -1/36 HPs)
             Began as a Deep Elf Conjurer on Apr 16, 2024.
             Slain by a lemure (8 damage)
             ... led by Pikel
             ... on level 5 of the Dungeon.
             The game lasted 00:09:07 (5192 turns).

imdaedric the Conjurer (Deep Elf Conjurer)          Turns: 5192, Time: 00:09:08

Health: -1/36      AC:  2    Str:  4    XL:     7   Next: 29%
Magic:  0/17       EV: 13    Int: 25    God:
Gold:   304        SH:  0    Dex: 19    Spells: 14/17 levels left

rFire   . . .        j - +1 short sword (vamp)
rCold   . . .        (no shield)
rNeg    . . .        a - +0 robe
rPois   .            (no helmet)
rElec   .            (no cloak)
rCorr   +            (no gloves)
SInv    .            (no boots)
Will    .....        (no amulet)
Stlth   ++           q - +6 ring of dexterity
HPRegen 0.26/turn    r - ring of resist corrosion
MPRegen 0.15/turn

%: no passive effects
@: no status effects
A: no striking features
a: no special abilities


You were on level 5 of the Dungeon.
You visited 1 branch of the dungeon, and saw 5 of its levels.

You collected 304 gold pieces.

Inventory:

Hand Weapons
 j - a +1 vampiric short sword (weapon)
Armour
 a - a +0 robe (worn)
Jewellery
 q - a +6 ring of dexterity (left hand)
 r - a ring of resist corrosion (right hand)
Scrolls
 e - 2 scrolls of teleportation {unknown}
 f - 2 scrolls of summoning
 g - a scroll of brand weapon {unknown}
 h - a scroll of amnesia
 l - a scroll of enchant weapon {unknown}
 n - a scroll of fear {unknown}
 p - 2 scrolls of immolation {unknown}
Potions
 b - a potion of magic
 c - 2 potions of curing
 d - 2 potions of might {unknown}
 i - 4 potions of heal wounds {unknown}
 k - a potion of lignification {unknown}
 m - a potion of attraction {unknown}
 o - a potion of brilliance {unknown}
 s - a potion of resistance {unknown}


   Skills:
 - Level 2.4 Dodging
 - Level 2.4 Stealth
 + Level 5.9 Spellcasting
 + Level 6.2 Conjurations
 + Level 4.1 Translocations
 + Level 4.0 Alchemy


You had 14 spell levels left.
You knew the following spells:

 Your Spells              Type           Power      Damage    Failure   Level
a - Magic Dart            Conj           100%       1d8       1%          1
z - Searing Ray           Conj           76%        2d7       1%          2

Your spell library contained the following spells:

 Spells                   Type           Power      Damage    Failure   Level
 Fulminant Prism          Conj/Alch      16%        3d10      9%          4
 Iskenderun's Mystic Bla  Conj/Tloc      33%        2d8       9%          4
 Call Imp                 Summ           14%        N/A       12%         2
 Sublimation of Blood     Necr           7%         N/A       12%         2
 Summon Hydra             Summ           3%         N/A       100%        7


Dungeon Overview and Level Annotations

Branches:
Dungeon (5/15)
 Temple: D:4-7

Altars:
Cheibriados

Shops:
D:2 *?   D:4 (

Annotations:
D:5 Ijyb, Pikel


Message History

Aiming: Searing Ray (safe; 1% risk of failure)
Press: ? - help, Shift-Dir - straight line, f/p - Pikel
Aim: Pikel, wielding a +0 whip of electrocution and wearing a +0 robe (heavily wounded, 76% to hit)
The searing ray misses Pikel. (Press . to maintain the ray.)
The lemure shouts!
Pikel misses you.
The searing ray hits Pikel.
Pikel is severely wounded.
Pikel says, "You'll make a fine lemure."
Pikel hits you with a +0 whip of electrocution.
The lemure closely misses you.
The searing ray hits Pikel.
Pikel is almost dead.
The searing ray hits the lemure!
The lemure is moderately wounded.
Pikel misses you. The lemure hits you!
The searing ray hits Pikel.
Pikel is almost dead.
The searing ray hits the lemure!
The lemure is severely wounded.
You finish channelling your searing ray.
Pikel hits you with a +0 whip of electrocution!
The lemure closely misses you.
Casting: Searing Ray (safe; 1% risk of failure)
Confirm with . or Enter, or press ? or * to list all spells.
Aiming: Searing Ray (safe; 1% risk of failure)
Press: ? - help, Shift-Dir - straight line, f/p - Pikel
Aim: Pikel, wielding a +0 whip of electrocution and wearing a +0 robe (almost dead, 76% to hit)
The searing ray hits Pikel but does no damage.
Pikel is almost dead.
The searing ray hits the lemure.
The lemure is almost dead.
The searing ray hits the lemure.
The lemure is lightly wounded. (Press . to maintain the ray.) Pikel hits you with a +0 whip of electrocution.
* * * LOW HITPOINT WARNING * * *
The lemure hits you!
You die...

############
#......>...#
#..........#
#..........#
#..@5......#
#...K......#
#...55.....#
#..........#
#..........#
#..........#
#####.....$.....#
###.....K5....
#......#..K.


You could see Pikel and 3 lemures.

Vanquished Creatures
  Sigmund (D:4)
  A black bear (D:4)
  A lemure (D:5)
  A scorpion (D:4)
  A bombardier beetle (D:4)
  A hound (D:3)
  An iguana (D:4)
  A jelly (D:5)
  2 orc priests
  8 adders
  A dart slug (D:3)
  3 ribbon worms
  16 orcs
  7 endoplasms
  4 giant cockroaches
  5 goblins
  6 hobgoblins
  6 jackals
  8 kobolds
  5 quokkas
  9 ball pythons
  6 bats
  2 frilled lizards (D:1)
  3 rats
99 creatures vanquished.

Notes
Turn   | Place    | Note
-------+----------+-------------------------------------------
     0 | D:1      | imdaedric the Deep Elf Conjurer began the quest for the
                  | Orb.
     0 | D:1      | Reached XP level 1. HP: 10/10 MP: 6/6
     3 | D:1      | Noticed an electric eel
     4 | D:1      | Noticed an electric eel
    90 | D:1      | Found a faded altar of an unknown god.
   291 | D:1      | Reached XP level 2. HP: 15/15 MP: 6/8
   294 | D:1      | Learned a level 2 spell: Searing Ray
   499 | D:1      | Reached skill level 1 in Translocations
   528 | D:1      | Reached skill level 1 in Alchemy
  1000 | D:2      | Reached XP level 3. HP: 19/19 MP: 1/10
  1181 | D:2      | Found Zaatew's Magic Scroll Shop.
  1846 | D:2      | Reached XP level 4. HP: 24/24 MP: 8/11
  2133 | D:2      | Found Rezu's General Store.
  2328 | D:3      | Reached skill level 5 in Conjurations
  3259 | D:3      | Reached XP level 5. HP: 28/28 MP: 8/13
  3532 | D:3      | Found a snail-covered altar of Cheibriados.
  3946 | D:4      | Reached skill level 5 in Spellcasting
  3946 | D:4      | Reached XP level 6. HP: 14/32 MP: 3/15
  4217 | D:4      | Noticed Sigmund
  4503 | D:4      | Found Piobroci's Antique Weapon Shoppe.
  4588 | D:4      | Killed Sigmund
  4589 | D:4      | Reached skill level 6 in Conjurations
  4589 | D:4      | Reached XP level 7. HP: 36/36 MP: 9/17
  4982 | D:5      | Entered Level 5 of the Dungeon
  4987 | D:5      | Noticed Ijyb
  5171 | D:5      | Noticed Pikel
  5192 | D:5      | Slain by a lemure

Illustrated notes

Levels and vault maps discovered:
D:1:      arrival_aquarium_b, layout_loops_ring, basic_ecumenical_altar,
          minmay_tetromino_l4
D:2:      layout_loops_corners, serial_shops,
          nicolae_shop_pleasant_corner_grove,
          nicolae_shop_temple_entry_statues_fountains, guppyfry_early_orc_mine
D:3:      layout_basic, kennysheep_slug_shrine, kennysheep_pointless_box
D:4:      layout_loops_ring, serial_shops, shop, uniq_sigmund
D:5:      layout_rooms, jmf_multi_god_temple2, uniq_crazy_yiuf_cottage,
          uniq_pikel, uniq_ijyb

Skill      XL: |  1  2  3  4  5  6  7 |
---------------+----------------------+-----
Translocations | 1 2 3 4 |  4.1
Alchemy        | 1 2 3 4 |  4.0
Spellcasting   | 4 5 |  5.9
Conjurations   | 5 6 |  6.2
Dodging        | |  2.4
Stealth        | |  2.4

Action                     |  1- 3 |  4- 6 |  7- 9 || total
---------------------------+-------+-------+-------++-------
   Cast: Magic Dart        |    76 |    68 |    20 ||   164
         Searing Ray       |     6 |    21 |    10 ||    37
    Use: Scroll            |       |     3 |       ||     3
         Potion            |       |     1 |       ||     1
 Armour: Robe              |     4 |    12 |     6 ||    22
  Dodge: Dodged            |     4 |     8 |     6 ||    18
